 Dungeon Crawl Stone Soup version 0.31-a0-167-g1c394c0614 (webtiles) character file.

Game seed: 1894181345498530525

224 Dittersdorf the Shield-Bearer (level 6, 0/39 HPs)
             Began as a Gargoyle Fighter on June 14, 2023.
             Was an Initiate of Okawaru.
             Slain by a gnoll bouda
             ... wielding a +0 club
              (6 damage)
             ... on level 3 of the Dungeon.
             The game lasted 00:03:35 (3018 turns).

Dittersdorf the Shield-Bearer (Gargoyle Fighter)    Turns: 3018, Time: 00:03:35

Health: 0/39       AC: 14    Str: 21    XL:     6   Next: 0%
Magic:  6/6        EV:  8    Int:  9    God:    Okawaru [......]
Gold:   118        SH:  9    Dex:  9    Spells: 5/5 levels left

rFire   . . .        a - +0 flail
rCold   . . .        c - +0 buckler
rNeg    + . .        r - +0 chain mail
rPois   ∞            (no helmet)
rElec   +            (no cloak)
rCorr   .            (no gloves)
SInv    .            (no boots)
Will    .....        k - amulet of reflection Stlth
                     (no ring)
HPRegen 0.26/turn    (no ring)
MPRegen 0.10/turn

%: reflection
@: weakened
A: sickness immunity, AC +4, negative energy resistance 1, electricity
resistance, torment resistance 1, petrification resistance
a: Renounce Religion


You were on level 3 of the Dungeon.
You worshipped Okawaru.
Okawaru was noncommittal.
You visited 1 branch of the dungeon, and saw 4 of its levels.

You collected 118 gold pieces.

Inventory:

Hand Weapons
 a - a +0 flail (weapon)
Armour
 c - a +0 buckler (worn)
 r - a +0 chain mail (worn)
Jewellery
 k - an amulet of reflection (around neck)
Wands
 q - a wand of flame (13)
Scrolls
 f - 2 scrolls of teleportation {unknown}
 g - 4 scrolls of poison
 h - a scroll of amnesia {unknown}
 i - a scroll of silence {unknown}
 j - a scroll of identify {unknown}
 m - a scroll of summoning {unknown}
 n - 2 scrolls of enchant armour {unknown}
 s - a scroll of revelation {unknown}
Potions
 b - 2 potions of invisibility {unknown}
 d - a potion of might
 e - 2 potions of enlightenment {unknown}
 l - 2 potions of heal wounds {unknown}
 o - a potion of curing {unknown}
 p - 3 potions of attraction {unknown}
 t - a potion of lignification {unknown}
 u - a potion of degeneration {unknown}


   Skills:
 + Level 4.5 Fighting
 + Level 3.4 Maces & Flails
 + Level 4.5 Armour
 + Level 4.5 Shields


You had 5 spell levels left.
You didn't know any spells.
Your spell library contained the following spells:

 Spells                   Type           Power      Damage    Failure   Level
 Ozocubu's Refrigeration  Ice            0%         4d7       100%        7
 Polar Vortex             Ice            0%         N/A       100%        9
 Simulacrum               Ice/Necr       Unusable   N/A       N/A         6

Dungeon Overview and Level Annotations

Branches:
Dungeon (4/15)
 Temple: D:4-7

Altars:
Cheibriados
Okawaru

Shops:
D:2 :[*([   D:3 [


Innate Abilities, Weirdness & Mutations

You are immune to sickness and miasma.
Your stone body is resilient. (AC +4)
You are immune to poison.
You resist negative energy. (rN+)
You are resistant to electric shocks. (rElec)
You are resistant to unholy torment.
You are immune to petrification.


Message History

The centaur shoots an arrow.
The arrow hits you.
* * * LOW HITPOINT WARNING * * *
There is a stone staircase leading up here.
The gnoll is no longer moving quickly.
You block the gnoll bouda's attack.
You climb upwards.
There is a stone staircase leading down here.
The gnoll bouda attacks as you move away!
The gnoll bouda hits you but does no damage.
You closely miss the gnoll bouda.
The gnoll bouda hits you but does no damage.
You closely miss the gnoll bouda. You block the gnoll bouda's attack.
The gnoll bouda barely misses you.
You sock the gnoll bouda!
The gnoll bouda is heavily wounded.
The gnoll bouda hits you but does no damage.
You sock the gnoll bouda!
The gnoll bouda is almost dead.
The gnoll bouda prays to its god.
The gnoll bouda is healed somewhat.
You hit the gnoll bouda.
The gnoll bouda is severely wounded.
You block the gnoll bouda's attack.
You hit the gnoll bouda but do no damage.
The gnoll bouda is severely wounded.
The gnoll bouda gazes fiercely through you!
You feel your attacks grow feeble.
The gnoll bouda hits you with a +0 club.
* * * LOW HITPOINT WARNING * * *
You block the gnoll bouda's attack.
You barely miss the gnoll bouda.
The gnoll bouda is severely wounded.
You block the gnoll bouda's attack.
You hit the gnoll bouda but do no damage.
The gnoll bouda is severely wounded.
The gnoll bouda prays to its god.
The gnoll bouda is healed somewhat.
You hit the gnoll bouda but do no damage.
The gnoll bouda is heavily wounded.
The gnoll bouda hits you with a +0 club.
You die...

.#
#########.#.#####.#
## #......##.#
###.##.##.# ######
#.......#
.....######
###.#####
..........#
#......#
..........#
#.#.##.#
..........#
#.#.##.#
..........#
#.#@##.#
..........#
#.#g##.#
)....######
#..>...# ######
###.#### #.#
####### #.#
#.....##########.#
#.....[..........#
#.....##.##.######


You could see a gnoll bouda.

Vanquished Creatures
  2 hounds (D:3)
  An orc priest (D:2)
  5 adders
  2 worms (D:2)
  6 orcs
  5 bats
  7 endoplasms
  A giant cockroach (D:3)
  2 goblins (D:1)
  6 hobgoblins
  18 jackals
  2 kobolds
  2 quokkas
  5 ball pythons
  3 frilled lizards
  6 rats
73 creatures vanquished.

Notes
Turn   | Place    | Note
-------+----------+-------------------------------------------
     0 | D:1      | Dittersdorf the Gargoyle Fighter began the quest for the
                  | Orb.
     0 | D:1      | Reached XP level 1. HP: 14/14 MP: 1/1
   124 | D:1      | Reached XP level 2. HP: 12/19 MP: 2/2
   574 | D:2      | Reached XP level 3. HP: 23/23 MP: 3/3
   856 | D:2      | Found Imapoc's Armour Boutique.
   911 | D:2      | Found Plog's Assorted Antiques.
   931 | D:2      | Found Yfeifoi's Antique Armour Emporium.
  1031 | D:2      | Reached XP level 4. HP: 29/29 MP: 4/4
  1353 | D:2      | You fall into a shaft and drop 2 floors!
  1362 | D:3      | Found an iron altar of Okawaru.
  1404 | D:3      | Became a worshipper of Warmaster Okawaru
  1477 | D:2      | Reached XP level 5. HP: 29/33 MP: 5/5
  1557 | D:2      | Found Netus Wedu's Book Boutique.
  1921 | D:2      | Found Vecwene's Weapon Boutique.
  2320 | D:3      | Found Eblik's Antique Armour Shop.
  2572 | D:3      | Found a snail-covered altar of Cheibriados.
  2891 | D:4      | Reached XP level 6. HP: 39/39 MP: 6/6
  3018 | D:3      | Slain by a gnoll bouda

Illustrated notes

Levels and vault maps discovered:
D:1:      dpeg_arrival_simpleton_a, layout_rooms
D:2:      cheibrodos_old_hovel, layout_loops_corners, serial_shops, shop, shop,
          nicolae_shop_just_a_little_nook, nicolae_shop_peninsula,
          nicolae_lakefront_shop, patterned_corridor
D:3:      layout_loops_cross, mainiacjoe_overflow_six_doors_small,
          lemuel_tele_altar, serial_shops, shop
D:4:      layout_loops_cross, mainiacjoe_overflow_small_starburst,
          lemuel_crystal_altar, minmay_manual_mares

Skill      XL: |  1  2  3  4 |
---------------+-------------+-----
Shields        | 4 |  4.5
Fighting       | 4 |  4.5
Armour         | 4 |  4.5
Maces & Flails | 3 |  3.4

Action                     |  1- 3 |  4- 6 || total
---------------------------+-------+-------++-------
  Melee: Flail             |   120 |   167 ||   287
    Use: Scroll            |       |     1 ||     1
 Armour: Scale mail        |    78 |    36 ||   114
         Chain mail        |       |    61 ||    61
  Dodge: Dodged            |    76 |    84 ||   160
  Block: Buckler           |    37 |   115 ||   152
         Reflection        |       |     2 ||     2

Table legend: (Time is in decaauts)
 A = Elapsed time spent in this place.
 B = Non-inter-level travel time spent in this place.
 C = Inter-level travel time spent in this place.
 D = Time resting spent in this place.
 E = Time spent auto-exploring this place.
 F = Levels seen in this place.
 G = Mean time per level.
                   A        B        C        D        E       F      G
               +--------+--------+--------+--------+--------+-----+--------+
         Total |   3101 |   2926 |    175 |     72 |   2205 |   4 |  775.2 |
       Dungeon |   3101 |   2926 |    175 |     72 |   2205 |   4 |  775.2 |
               +--------+--------+--------+--------+--------+-----+--------+

Top non-repeatable levels by time:
     D:2: 1363 daAuts
     D:3: 906 daAuts
     D:1: 600 daAuts
     D:4: 231 daAuts
